Panthers vs Oilers

Created - August 7, 2022 at 19:07

Goals
1 2 3 T
Panthers 1 0 3 4
Oilers 2 0 0 2
Shots
1 2 3 T
Panthers 7 3 12 22
Oilers 11 17 7 35

1st period

1. Panthers , Matt Duchene 17 (Jordan Eberle 12, Taylor Hall 20) at 4:28
2. Oilers , Andy Rogers 1 (Connor McDavid 18, Tyler Toffoli 11) at 16:33 (PP)
3. Oilers , Rasmus Ristolainen 4 (Evander Kane 14, Alex Galchenyuk 16) at 17:53 (PP)

Penalties :
Oscar Klefbom (Flo) for Hooking (Minor) at 16:25, Adam Larsson (Flo) for Holding (Minor) at 17:47, Jordan Eberle (Flo) for Hooking (Minor) at 19:22

2nd period

No Goal

Penalties :
Evander Kane (Edm) for Tripping (Minor) at 9:03

3rd period

4. Panthers , Taylor Hall 11 (Matt Duchene 17, Erik Gudbranson 12) at 2:20 (PP)
5. Panthers , Matt Duchene 18 (Taylor Hall 21, Oscar Klefbom 11) at 2:33
6. Panthers , Adam Larsson 2 (Jeremy Morin 7, Dalton Prout 5) at 16:10

Penalties :
Jussi Jokinen (Edm) for Holding (Minor) at 0:44, Adam Larsson (Flo) for Interference (Minor) at 4:34, Daultan Leveillé (Flo) for Hooking (Minor) at 8:32, Matt Duchene (Flo) for Cross-checking (Minor) at 12:43, Anze Kopitar (Flo) for High sticking (Double Minor) at 18:03

Goalie Stats

Petr Mrazek (Flo), 33 saves from 35 shots - (0.943), W, 14-5-1, 60:00 minutes
Jonas Hiller (Edm), 18 saves from 22 shots - (0.818), L, 4-4-0, 60:00 minutes

Players Stats for Panthers

Player Name              G  A  P  +/- PIM S  H  SB GA TA FO     MP     PP MP  PK MP  
------------------------------------------------------------------------------------
Adam Larsson             1  0  1   1  4   1  1  0  0  1  0/0    19:53   0:57   3:49 
Anze Kopitar             0  0  0   1  4   1  4  1  0  0  10/20  19:22   0:39   5:02 
Benoit Pouliot           0  0  0   1  0   2  0  0  2  1  0/0    16:54   0:39   2:02 
Byron Bitz               0  0  0   0  0   1  1  0  0  1  0/0     9:15   0:41   0:00 
Dalton Prout             0  1  1   1  0   2  3  2  1  0  0/0    21:27   0:57   5:34 
Dan Hamhuis              0  0  0   1  0   0  0  0  0  0  0/0    10:12   0:00   0:43 
Dany Heatley             0  0  0   0  0   1  0  0  1  0  2/2     9:51   0:31   3:16 
Daultan Leveillé         0  0  0   0  2   1  0  0  0  0  1/1     8:07   0:31   1:02 
Erik Gudbranson          0  1  1   1  0   1  1  4  0  0  0/0    29:26   2:38   5:11 
Jeremy Morin             0  1  1   0  0   1  1  1  0  2  0/0     8:32   0:00   0:00 
Jordan Eberle            0  1  1   2  2   1  1  1  1  0  2/2    24:31   2:25   4:29 
Josh Gorges              0  0  0   1  0   0  0  0  0  0  0/0    14:30   0:00   4:55 
Kasperi Kapanen          0  0  0   0  0   2  0  0  0  0  0/0     5:55   0:00   0:00 
Matt Duchene             2  1  3   2  2   2  1  0  0  0  11/25  20:06   2:25   0:13 
Max Reinhart             0  0  0   0  0   0  2  3  0  0  4/6    11:01   0:00   2:04 
Nick Bjugstad            0  0  0   1  0   0  1  0  1  0  0/0    14:10   0:29   0:00 
Oscar Klefbom            0  1  1   1  2   1  2  1  1  0  0/0    24:30   2:38   0:00 
Taylor Hall              1  2  3   2  0   5  1  1  1  0  1/2    22:05   2:25   2:04 

Players Stats for Oilers

Player Name              G  A  P  +/- PIM S  H  SB GA TA FO     MP     PP MP  PK MP  
------------------------------------------------------------------------------------
Alex Galchenyuk          0  1  1  -1  0   7  0  1  0  0  1/1    21:39   5:29   1:54 
Andy Rogers              1  0  1   0  0   1  0  2  0  1  0/0    16:22   3:45   0:00 
Cam Barker               0  0  0  -1  0   1  0  1  0  1  0/0    19:42   0:39   2:23 
Connor McDavid           0  1  1  -1  0   2  2  1  1  0  6/11   15:45   4:37   1:01 
Conor Sheary             0  0  0  -1  0   2  1  0  0  0  1/1     9:55   0:00   0:00 
Darnell Nurse            0  0  0   0  0   0  2  2  0  1  0/0    16:21   0:00   1:11 
Evander Kane             0  1  1  -1  2   5  0  2  2  0  0/0    20:31   5:12   0:00 
Jake Gardiner            0  0  0  -3  0   0  0  1  1  2  0/0    25:11   3:37   2:24 
Jussi Jokinen            0  0  0  -1  2   1  2  1  0  0  0/2    16:03   0:00   1:04 
Leon Draisaitl           0  0  0  -1  0   2  2  1  0  0  0/0    15:21   4:37   0:37 
Maxim Lapierre           0  0  0   0  0   1  0  0  0  0  0/3     7:05   0:00   0:09 
Nail Yakupov             0  0  0   0  0   0  2  0  0  0  0/0     7:13   0:17   0:00 
Patrice Bergeron         0  0  0  -1  0   0  1  1  0  0  12/26  17:38   0:00   2:25 
Rasmus Ristolainen       1  0  1  -2  0   3  0  1  1  1  0/0    23:59   6:17   1:11 
Ryan Nugent-Hopkins      0  0  0  -1  0   4  3  0  0  1  6/13   19:32   5:29   0:00 
Ted Purcell              0  0  0   0  0   2  1  0  0  0  1/1     6:56   0:00   0:00 
Tobias Enstrom           0  0  0   0  0   0  2  0  0  0  0/0    18:25   5:54   0:01 
Tyler Toffoli            0  1  1  -1  0   4  2  0  0  1  0/0    18:45   4:37   0:00 

3 Stars

1 - Matt Duchene (Flo)
2 - Taylor Hall (Flo)
3 - Petr Mrazek (Flo)

Power Play

Panthers - 1 on 2 Attempt(s) - 50.00%
Oilers - 2 on 8 Attempt(s) - 25.00%

Penalty Kill

Panthers - 6 on 8 Attempt(s) - 75.00% - Score 0 goal in Penalty Kill
Oilers - 1 on 2 Attempt(s) - 50.00% - Score 0 goal in Penalty Kill

Team Stat

Panthers - Hits : 19 - Faceoff Wins : 31 - Blocked Shots : 14 - Penalty Minutes : 16
Oilers - Hits : 20 - Faceoff Wins : 27 - Blocked Shots : 14 - Penalty Minutes : 4

Official

Referees : Pierre Lambert and Brian Pochmara
Linesman : Scott Cherrey and Steve Barton

Game Notes

No Game Note

Finance

Level 1 -- Attendance: 6000 (100.00%) -- Ticket Income $600,000
Level 2 -- Attendance: 5000 (100.00%) -- Ticket Income $300,000
Level 3 -- Attendance: 2000 (100.00%) -- Ticket Income $70,000
Level 4 -- Attendance: 4000 (100.00%) -- Ticket Income $100,000
Luxury Box -- Attendance: 1000 (100.00%) -- Ticket Income $200,000
Game was played at the Rodgers Place.
Total Attendance: 18000 (100.00%)
Total Ticket Income: $1,270,000
Other Income: $190,500
Total Income: $1,460,500

Panthers

5 vs 5 Forward 
   Center                   Left Wing                Right Wing               Time % Phy DF OF 
 1 Matt Duchene             Taylor Hall              Jordan Eberle            50     0   2  3  
 2 Anze Kopitar             Benoit Pouliot           Nick Bjugstad            35     0   2  3  
 3 Max Reinhart             Jeremy Morin             Byron Bitz               10     1   2  2  
 4 Daultan Leveillé         Dany Heatley             Kasperi Kapanen          5      0   2  3  

5 vs 5 Defense 
   Defense                  Defense                                           Time % Phy DF OF 
 1 Erik Gudbranson          Oscar Klefbom                                     50     0   2  3  
 2 Adam Larsson             Dalton Prout                                      30     0   2  3  
 3 Josh Gorges              Dan Hamhuis                                       10     1   2  2  
 4 Erik Gudbranson          Oscar Klefbom                                     10     0   2  3  

PowerPlay Forward 
   Center                   Left Wing                Right Wing               Time % Phy DF OF 
 1 Matt Duchene             Taylor Hall              Jordan Eberle            60     0   1  4  
 2 Anze Kopitar             Benoit Pouliot           Nick Bjugstad            40     0   1  4  

PowerPlay Defense
   Defense                  Defense                                           Time % Phy DF OF 
 1 Erik Gudbranson          Oscar Klefbom                                     70     0   2  3  
 2 Adam Larsson             Dalton Prout                                      30     0   2  3  

Penalty Kill 4 Players Forward 
   Center                   Wing                     Time % Phy DF OF 
 1 Anze Kopitar             Jordan Eberle            60     0   4  1  
 2 Max Reinhart             Taylor Hall              40     0   4  1  

Penalty Kill 4 Players Defense
   Defense                  Defense                  Time % Phy DF OF 
 1 Erik Gudbranson          Adam Larsson             60     0   4  1  
 2 Dalton Prout             Josh Gorges              40     0   4  1  

Penalty Kill - 3 Players Forward 
   Forward                                           Time % Phy DF OF 
 1 Jordan Eberle                                     60     0   5  0  
 2 Anze Kopitar                                      40     0   5  0  

Penalty Kill - 3 Players Defense
   Defense                  Defense                  Time % Phy DF OF 
 1 Erik Gudbranson          Adam Larsson             60     0   5  0  
 2 Dalton Prout             Josh Gorges              40     0   5  0  

4 vs 4 Forward 
   Center                   Wing                     Time % Phy DF OF 
 1 Matt Duchene             Taylor Hall              60     0   2  3  
 2 Anze Kopitar             Jordan Eberle            40     0   2  3  

4 vs 4 Defense
   Defense                  Defense                  Time % Phy DF OF 
 1 Erik Gudbranson          Oscar Klefbom            60     0   2  3  
 2 Adam Larsson             Dalton Prout             40     1   2  2  

Last Minutes Offensive
   Center                   Left Wing                Right Wing               Defense                  Defense                  
   Matt Duchene             Taylor Hall              Jordan Eberle            Erik Gudbranson          Oscar Klefbom            

Last Minutes Defensive
   Center                   Left Wing                Right Wing               Defense                  Defense                  
   Anze Kopitar             Taylor Hall              Jordan Eberle            Erik Gudbranson          Adam Larsson             

Goaltenders
Starting : Petr Mrazek              
Backup : Tyler Weiman             

Extra Forwards
Normal : Jordan Eberle, Taylor Hall, Matt Duchene - PP : Anze Kopitar, Taylor Hall - PK : Dany Heatley
Extra Defensemen
Normal : Adam Larsson, Erik Gudbranson, Oscar Klefbom - PP : Josh Gorges - PK : Dalton Prout, Erik Gudbranson
Penalty Shots
Benoit Pouliot, Nick Bjugstad, Anze Kopitar, Taylor Hall, Jordan Eberle

Scratches
Andrej Sekera (Healthy), R.J. Umberger (Healthy)

Oilers

5 vs 5 Forward 
   Center                   Left Wing                Right Wing               Time % Phy DF OF 
 1 Patrice Bergeron         Jussi Jokinen            Evander Kane             40     1   2  2  
 2 Ryan Nugent-Hopkins      Alex Galchenyuk          Tyler Toffoli            30     1   2  2  
 3 Connor McDavid           Leon Draisaitl           Conor Sheary             20     1   2  2  
 4 Maxim Lapierre           Ted Purcell              Nail Yakupov             10     1   2  2  

5 vs 5 Defense 
   Defense                  Defense                                           Time % Phy DF OF 
 1 Jake Gardiner            Rasmus Ristolainen                                40     1   2  2  
 2 Darnell Nurse            Cam Barker                                        30     1   2  2  
 3 Tobias Enstrom           Andy Rogers                                       20     1   2  2  
 4 Jake Gardiner            Cam Barker                                        10     1   2  2  

PowerPlay Forward 
   Center                   Left Wing                Right Wing               Time % Phy DF OF 
 1 Ryan Nugent-Hopkins      Alex Galchenyuk          Evander Kane             60     1   2  2  
 2 Connor McDavid           Leon Draisaitl           Tyler Toffoli            40     1   2  2  

PowerPlay Defense
   Defense                  Defense                                           Time % Phy DF OF 
 1 Rasmus Ristolainen       Tobias Enstrom                                    60     1   2  2  
 2 Andy Rogers              Jake Gardiner                                     40     1   2  2  

Penalty Kill 4 Players Forward 
   Center                   Wing                     Time % Phy DF OF 
 1 Patrice Bergeron         Alex Galchenyuk          60     1   2  2  
 2 Connor McDavid           Jussi Jokinen            40     1   2  2  

Penalty Kill 4 Players Defense
   Defense                  Defense                  Time % Phy DF OF 
 1 Jake Gardiner            Cam Barker               60     1   2  2  
 2 Darnell Nurse            Rasmus Ristolainen       40     1   2  2  

Penalty Kill - 3 Players Forward 
   Forward                                           Time % Phy DF OF 
 1 Patrice Bergeron                                  60     1   2  2  
 2 Connor McDavid                                    40     1   2  2  

Penalty Kill - 3 Players Defense
   Defense                  Defense                  Time % Phy DF OF 
 1 Jake Gardiner            Cam Barker               60     1   2  2  
 2 Darnell Nurse            Rasmus Ristolainen       40     1   2  2  

4 vs 4 Forward 
   Center                   Wing                     Time % Phy DF OF 
 1 Patrice Bergeron         Alex Galchenyuk          60     1   2  2  
 2 Connor McDavid           Jussi Jokinen            40     1   2  2  

4 vs 4 Defense
   Defense                  Defense                  Time % Phy DF OF 
 1 Jake Gardiner            Cam Barker               60     1   2  2  
 2 Darnell Nurse            Rasmus Ristolainen       40     1   2  2  

Last Minutes Offensive
   Center                   Left Wing                Right Wing               Defense                  Defense                  
   Patrice Bergeron         Alex Galchenyuk          Evander Kane             Jake Gardiner            Rasmus Ristolainen       

Last Minutes Defensive
   Center                   Left Wing                Right Wing               Defense                  Defense                  
   Patrice Bergeron         Alex Galchenyuk          Evander Kane             Jake Gardiner            Cam Barker               

Goaltenders
Starting : Jonas Hiller             
Backup : James Reimer             

Extra Forwards
Normal : Patrice Bergeron, Connor McDavid, Leon Draisaitl - PP : Patrice Bergeron, Connor McDavid - PK : Patrice Bergeron
Extra Defensemen
Normal : Rasmus Ristolainen, Tobias Enstrom, Andy Rogers - PP : Rasmus Ristolainen - PK : Rasmus Ristolainen, Tobias Enstrom
Penalty Shots
Evander Kane, Alex Galchenyuk, Tyler Toffoli, Jussi Jokinen, Patrice Bergeron

Scratches
Duncan Keith (Back Injury), Jordan Caron (Healthy)

% Time on Ice - Panthers

Lines # - Real PCT - Wanted PCT - Time Play
Normal Forward
1 - 38% - 50% - 17:32
2 - 31% - 35% - 14:20
3 - 18% - 10% - 8:32
4 - 13% - 5% - 5:55
Normal Defense
1 - 45% - 50% - 20:57
2 - 33% - 30% - 15:29
3 - 19% - 10% - 8:55
4 - 2% - 10% - 0:58
PP Forward
1 - 82% - 60% - 2:56
2 - 18% - 40% - 0:39
PP Defense
1 - 73% - 70% - 2:38
2 - 27% - 30% - 0:57
PK Forward
1 - 80% - 60% - 8:02
2 - 20% - 40% - 2:04
PK Defense
1 - 58% - 60% - 5:54
2 - 42% - 40% - 4:12
PK3 Forward
1 - 0% - 60%
2 - 0% - 40%
PK3 Defense
1 - 0% - 60%
2 - 0% - 40%
44 Forward
1 - 0% - 60%
2 - 0% - 40%
44 Defense
1 - 0% - 60%
2 - 0% - 40%
Last Minute Offensive  - 0:00
Last Minute Defensive  - 0:00
Total
Forward - 60:00
Defense - 60:00

% Time on Ice - Oilers

Lines # - Real PCT - Wanted PCT - Time Play
Normal Forward
1 - 33% - 40% - 15:20
2 - 31% - 30% - 14:08
3 - 21% - 20% - 9:55
4 - 15% - 10% - 6:56
Normal Defense
1 - 37% - 40% - 17:05
2 - 34% - 30% - 15:51
3 - 26% - 20% - 11:56
4 - 3% - 10% - 1:27
PP Forward
1 - 54% - 60% - 5:29
2 - 46% - 40% - 4:37
PP Defense
1 - 64% - 60% - 6:29
2 - 36% - 40% - 3:37
PK Forward
1 - 96% - 60% - 3:27
2 - 4% - 40% - 0:08
PK Defense
1 - 67% - 60% - 2:24
2 - 33% - 40% - 1:11
PK3 Forward
1 - 0% - 60%
2 - 0% - 40%
PK3 Defense
1 - 0% - 60%
2 - 0% - 40%
44 Forward
1 - 0% - 60%
2 - 0% - 40%
44 Defense
1 - 0% - 60%
2 - 0% - 40%
Last Minute Offensive  - 0:00
Last Minute Defensive  - 0:00
Total
Forward - 60:00
Defense - 60:00

Play-by-Play

1st period


0:01 of 1st period - Patrice Bergeron wins face-off versus Matt Duchene in neutral zone.
0:09 of 1st period - Evander Kane is hit by Erik Gudbranson and loses puck.
0:54 of 1st period - Wrist shot by Conor Sheary.
0:54 of 1st period - Stopped by Petr Mrazek without a rebound.
0:55 of 1st period - Ted Purcell wins face-off versus Taylor Hall in Panthers zone.
1:25 of 1st period - Wrist shot by Leon Draisaitl.
1:25 of 1st period - Stopped by Petr Mrazek without a rebound.
1:26 of 1st period - Connor McDavid wins face-off versus Anze Kopitar in Panthers zone.
1:37 of 1st period - Snap shot by Connor McDavid.
1:37 of 1st period - Shot Misses the Net.
1:45 of 1st period - Connor McDavid is hit by Anze Kopitar and loses puck.
2:23 of 1st period - Off-side.
2:24 of 1st period - Matt Duchene wins face-off versus Maxim Lapierre in neutral zone.
3:34 of 1st period - Icing by Patrice Bergeron.
3:35 of 1st period - Jordan Eberle wins face-off versus Connor McDavid in Oilers zone.
3:38 of 1st period - Wrist shot by Taylor Hall.
3:38 of 1st period - Stopped by Jonas Hiller without a rebound.
3:39 of 1st period - Matt Duchene wins face-off versus Connor McDavid in Oilers zone.
4:28 of 1st period - Snap shot by Matt Duchene.
4:28 of 1st period - Goal by Matt Duchene - Panthers : 1 - Oilers : 0.
4:29 of 1st period - Patrice Bergeron wins face-off versus Anze Kopitar in neutral zone.
4:38 of 1st period - Snap shot by Evander Kane.
4:38 of 1st period - Shot Blocked by Anze Kopitar.
4:40 of 1st period - Slapshot by Tobias Enstrom.
4:40 of 1st period - Shot Blocked by Erik Gudbranson.
4:42 of 1st period - Snap shot by Patrice Bergeron.
4:42 of 1st period - Shot Blocked by Oscar Klefbom.
5:16 of 1st period - Snap shot by Erik Gudbranson.
5:16 of 1st period - Shot Misses the Net.
5:18 of 1st period - Slapshot by Erik Gudbranson.
5:18 of 1st period - Shot Misses the Net.
5:20 of 1st period - Slapshot by Taylor Hall.
5:20 of 1st period - Stopped by Jonas Hiller with a rebound.
5:22 of 1st period - Wrist shot by Taylor Hall.
5:22 of 1st period - Shot Blocked by Jake Gardiner.
5:24 of 1st period - Slapshot by Taylor Hall.
5:24 of 1st period - Stopped by Jonas Hiller with a rebound.
5:26 of 1st period - Snap shot by Erik Gudbranson.
5:26 of 1st period - Deflect By Taylor Hall.
5:26 of 1st period - Shot Blocked by Rasmus Ristolainen.
5:26 of 1st period - Puck is out of play.
5:27 of 1st period - Anze Kopitar wins face-off versus Patrice Bergeron in Oilers zone.
6:02 of 1st period - Wrist shot by Ryan Nugent-Hopkins.
6:02 of 1st period - Shot Misses the Net.
6:04 of 1st period - Slapshot by Ryan Nugent-Hopkins.
6:04 of 1st period - Stopped by Petr Mrazek with a rebound.
6:27 of 1st period - Snap shot by Taylor Hall.
6:27 of 1st period - Deflect By Matt Duchene.
6:27 of 1st period - Shot Blocked by Connor McDavid.
6:27 of 1st period - Puck is out of play.
6:28 of 1st period - Daultan Leveillé wins face-off versus Patrice Bergeron in Oilers zone.
6:59 of 1st period - Wrist shot by Alex Galchenyuk.
6:59 of 1st period - Stopped by Petr Mrazek with a rebound.
7:13 of 1st period - Erik Gudbranson is hit by Tyler Toffoli and loses puck.
7:24 of 1st period - Snap shot by Alex Galchenyuk.
7:24 of 1st period - Shot Misses the Net.
7:36 of 1st period - Snap shot by Alex Galchenyuk.
7:36 of 1st period - Shot Misses the Net.
9:21 of 1st period - Snap shot by Taylor Hall.
9:21 of 1st period - Shot Misses the Net.
9:23 of 1st period - Slapshot by Erik Gudbranson.
9:23 of 1st period - Shot Blocked by Alex Galchenyuk.
9:25 of 1st period - Snap shot by Jordan Eberle.
9:25 of 1st period - Shot Misses the Net.
10:05 of 1st period - Snap shot by Alex Galchenyuk.
10:05 of 1st period - Stopped by Petr Mrazek without a rebound.
10:06 of 1st period - Anze Kopitar wins face-off versus Patrice Bergeron in Panthers zone.
10:06 of 1st period - Anze Kopitar is hit by Darnell Nurse.
10:45 of 1st period - Icing by Cam Barker.
10:46 of 1st period - Anze Kopitar wins face-off versus Connor McDavid in Oilers zone.
10:47 of 1st period - Wrist shot by Benoit Pouliot.
10:47 of 1st period - Stopped by Jonas Hiller with a rebound.
11:03 of 1st period - Snap shot by Leon Draisaitl.
11:03 of 1st period - Deflect By Anze Kopitar.
11:03 of 1st period - Shot Misses the Net.
11:03 of 1st period - Puck is out of play.
11:04 of 1st period - Max Reinhart wins face-off versus Patrice Bergeron in Panthers zone.
11:40 of 1st period - Off-side.
11:41 of 1st period - Anze Kopitar wins face-off versus Patrice Bergeron in neutral zone.
11:50 of 1st period - Slapshot by Anze Kopitar.
11:50 of 1st period - Shot Blocked by Evander Kane.
11:52 of 1st period - Slapshot by Dalton Prout.
11:52 of 1st period - Shot Blocked by Darnell Nurse.
12:57 of 1st period - Nick Bjugstad is hit by Tobias Enstrom and loses puck.
13:23 of 1st period - Snap shot by Kasperi Kapanen.
13:23 of 1st period - Stopped by Jonas Hiller without a rebound.
13:24 of 1st period - Max Reinhart wins face-off versus Jussi Jokinen in Oilers zone.
13:27 of 1st period - Snap shot by Jeremy Morin.
13:27 of 1st period - Shot Blocked by Evander Kane.
13:33 of 1st period - Josh Gorges is hit by Jussi Jokinen and loses puck.
14:23 of 1st period - Wrist shot by Ted Purcell.
14:23 of 1st period - Stopped by Petr Mrazek with a rebound.
14:33 of 1st period - Snap shot by Jussi Jokinen.
14:33 of 1st period - Shot Blocked by Max Reinhart.
14:35 of 1st period - Slapshot by Jussi Jokinen.
14:35 of 1st period - Shot Misses the Net.
14:37 of 1st period - Snap shot by Evander Kane.
14:37 of 1st period - Shot Blocked by Max Reinhart.
14:39 of 1st period - Snap shot by Jussi Jokinen.
14:39 of 1st period - Shot Misses the Net.
15:45 of 1st period - Patrice Bergeron is hit by Jeremy Morin and loses puck.
16:05 of 1st period - Jake Gardiner is hit by Oscar Klefbom and loses puck.
16:16 of 1st period - Snap shot by Evander Kane.
16:16 of 1st period - Shot Misses the Net.
16:25 of 1st period - Minor Penalty to Oscar Klefbom for Hooking.
16:26 of 1st period - Connor McDavid wins face-off versus Anze Kopitar in Panthers zone.
16:33 of 1st period - Slapshot by Andy Rogers.
16:33 of 1st period - Goal by Andy Rogers - Panthers : 1 - Oilers : 1.
16:34 of 1st period - Jordan Eberle wins face-off versus Patrice Bergeron in neutral zone.
17:02 of 1st period - Slapshot by Erik Gudbranson.
17:02 of 1st period - Deflect By Benoit Pouliot.
17:02 of 1st period - Stopped by Jonas Hiller without a rebound.
17:03 of 1st period - Anze Kopitar wins face-off versus Ryan Nugent-Hopkins in Oilers zone.
17:47 of 1st period - Minor Penalty to Adam Larsson for Holding.
17:48 of 1st period - Ryan Nugent-Hopkins wins face-off versus Anze Kopitar in Panthers zone.
17:49 of 1st period - Wrist shot by Alex Galchenyuk.
17:49 of 1st period - Shot Blocked by Dalton Prout.
17:51 of 1st period - Wrist shot by Evander Kane.
17:51 of 1st period - Stopped by Petr Mrazek with a rebound.
17:53 of 1st period - Slapshot by Rasmus Ristolainen.
17:53 of 1st period - Deflect By Anze Kopitar.
17:53 of 1st period - Goal by Rasmus Ristolainen - Panthers : 1 - Oilers : 2.
17:54 of 1st period - Patrice Bergeron wins face-off versus Matt Duchene in neutral zone.
18:03 of 1st period - Wrist shot by Evander Kane.
18:03 of 1st period - Stopped by Petr Mrazek without a rebound.
18:04 of 1st period - Taylor Hall wins face-off versus Patrice Bergeron in Panthers zone.
19:22 of 1st period - Minor Penalty to Jordan Eberle for Hooking.
19:23 of 1st period - Connor McDavid wins face-off versus Anze Kopitar in Panthers zone.
19:39 of 1st period - Snap shot by Connor McDavid.
19:39 of 1st period - Stopped by Petr Mrazek with a rebound.
19:49 of 1st period - Anze Kopitar is hit by Nail Yakupov.
Goals for this period are 1 for Panthers vs 2 for Oilers.
Shots for this period are 7 for Panthers vs 11 for Oilers.

2nd period


0:01 of 2nd period - Ryan Nugent-Hopkins wins face-off versus Anze Kopitar in neutral zone.
0:10 of 2nd period - Wrist shot by Ryan Nugent-Hopkins.
0:10 of 2nd period - Stopped by Petr Mrazek without a rebound.
0:11 of 2nd period - Anze Kopitar wins face-off versus Ryan Nugent-Hopkins in Panthers zone.
0:11 of 2nd period - Anze Kopitar is hit by Tobias Enstrom.
0:23 of 2nd period - Snap shot by Alex Galchenyuk.
0:23 of 2nd period - Stopped by Petr Mrazek with a rebound.
0:25 of 2nd period - Snap shot by Alex Galchenyuk.
0:25 of 2nd period - Stopped by Petr Mrazek with a rebound.
0:27 of 2nd period - Wrist shot by Evander Kane.
0:27 of 2nd period - Shot Blocked by Erik Gudbranson.
1:22 of 2nd period - Penalty to Jordan Eberle is over, Jordan Eberle is back on ice.
1:39 of 2nd period - Byron Bitz is hit by Nail Yakupov and loses puck.
1:44 of 2nd period - Snap shot by Maxim Lapierre.
1:44 of 2nd period - Deflect By Ted Purcell.
1:44 of 2nd period - Shot Hit the Post.
1:44 of 2nd period - Puck is out of play.
1:45 of 2nd period - Patrice Bergeron wins face-off versus Matt Duchene in Panthers zone.
1:56 of 2nd period - Snap shot by Jussi Jokinen.
1:56 of 2nd period - Stopped by Petr Mrazek with a rebound.
2:10 of 2nd period - Dalton Prout is hit by Ryan Nugent-Hopkins and loses puck.
2:33 of 2nd period - Slapshot by Taylor Hall.
2:33 of 2nd period - Stopped by Jonas Hiller without a rebound.
2:34 of 2nd period - Patrice Bergeron wins face-off versus Anze Kopitar in Oilers zone.
2:41 of 2nd period - Snap shot by Evander Kane.
2:41 of 2nd period - Shot Misses the Net.
2:51 of 2nd period - Wrist shot by Nick Bjugstad.
2:51 of 2nd period - Shot Blocked by Jussi Jokinen.
3:01 of 2nd period - Dalton Prout is hit by Leon Draisaitl and loses puck.
3:49 of 2nd period - Maxim Lapierre is hit by Anze Kopitar and loses puck.
5:16 of 2nd period - Slapshot by Ted Purcell.
5:16 of 2nd period - Stopped by Petr Mrazek with a rebound.
7:18 of 2nd period - Snap shot by Ryan Nugent-Hopkins.
7:18 of 2nd period - Shot Blocked by Max Reinhart.
7:20 of 2nd period - Wrist shot by Rasmus Ristolainen.
7:20 of 2nd period - Stopped by Petr Mrazek without a rebound.
7:21 of 2nd period - Anze Kopitar wins face-off versus Ryan Nugent-Hopkins in Panthers zone.
7:36 of 2nd period - Nick Bjugstad is hit by Ryan Nugent-Hopkins and loses puck.
8:03 of 2nd period - Wrist shot by Tyler Toffoli.
8:03 of 2nd period - Stopped by Petr Mrazek with a rebound.
8:15 of 2nd period - Alex Galchenyuk is hit by Anze Kopitar and loses puck.
8:58 of 2nd period - Slapshot by Benoit Pouliot.
8:58 of 2nd period - Shot Blocked by Cam Barker.
9:00 of 2nd period - Slapshot by Nick Bjugstad.
9:00 of 2nd period - Deflect By Anze Kopitar.
9:00 of 2nd period - Shot Blocked by Darnell Nurse.
9:00 of 2nd period - Puck is out of play.
9:01 of 2nd period - Matt Duchene wins face-off versus Patrice Bergeron in Oilers zone.
9:03 of 2nd period - Minor Penalty to Evander Kane for Tripping.
9:04 of 2nd period - Patrice Bergeron wins face-off versus Matt Duchene in Oilers zone.
11:03 of 2nd period - Penalty to Evander Kane is over, Evander Kane is back on ice.
11:42 of 2nd period - Snap shot by Jeremy Morin.
11:42 of 2nd period - Deflect By Byron Bitz.
11:42 of 2nd period - Shot Blocked by Leon Draisaitl.
11:42 of 2nd period - Puck is out of play.
11:43 of 2nd period - Max Reinhart wins face-off versus Connor McDavid in Oilers zone.
11:46 of 2nd period - Slapshot by Jeremy Morin.
11:46 of 2nd period - Shot Misses the Net.
11:52 of 2nd period - Wrist shot by Jeremy Morin.
11:52 of 2nd period - Shot Blocked by Andy Rogers.
12:52 of 2nd period - Slapshot by Alex Galchenyuk.
12:52 of 2nd period - Shot Misses the Net.
13:04 of 2nd period - Tobias Enstrom is hit by Jordan Eberle and loses puck.
14:39 of 2nd period - Snap shot by Kasperi Kapanen.
14:39 of 2nd period - Shot Misses the Net.
14:55 of 2nd period - Conor Sheary is hit by Max Reinhart and loses puck.
15:02 of 2nd period - Wrist shot by Leon Draisaitl.
15:02 of 2nd period - Shot Blocked by Erik Gudbranson.
15:04 of 2nd period - Slapshot by Connor McDavid.
15:04 of 2nd period - Deflect By Conor Sheary.
15:04 of 2nd period - Stopped by Petr Mrazek without a rebound.
15:05 of 2nd period - Matt Duchene wins face-off versus Patrice Bergeron in Panthers zone.
15:34 of 2nd period - Slapshot by Erik Gudbranson.
15:34 of 2nd period - Deflect By Rasmus Ristolainen.
15:34 of 2nd period - Stopped by Jonas Hiller without a rebound.
15:35 of 2nd period - Ryan Nugent-Hopkins wins face-off versus Max Reinhart in Oilers zone.
15:42 of 2nd period - Snap shot by Tyler Toffoli.
15:42 of 2nd period - Shot Blocked by Jeremy Morin.
15:48 of 2nd period - Slapshot by Oscar Klefbom.
15:48 of 2nd period - Shot Blocked by Andy Rogers.
15:50 of 2nd period - Snap shot by Jeremy Morin.
15:50 of 2nd period - Shot Misses the Net.
15:52 of 2nd period - Wrist shot by Byron Bitz.
15:52 of 2nd period - Stopped by Jonas Hiller without a rebound.
15:53 of 2nd period - Matt Duchene wins face-off versus Jussi Jokinen in Oilers zone.
16:17 of 2nd period - Icing by Oscar Klefbom.
16:18 of 2nd period - Ryan Nugent-Hopkins wins face-off versus Matt Duchene in Panthers zone.
16:24 of 2nd period - Slapshot by Alex Galchenyuk.
16:24 of 2nd period - Shot Misses the Net.
16:26 of 2nd period - Wrist shot by Ryan Nugent-Hopkins.
16:26 of 2nd period - Stopped by Petr Mrazek with a rebound.
16:28 of 2nd period - Slapshot by Ryan Nugent-Hopkins.
16:28 of 2nd period - Shot Misses the Net.
16:30 of 2nd period - Snap shot by Cam Barker.
16:30 of 2nd period - Stopped by Petr Mrazek with a rebound.
16:34 of 2nd period - Slapshot by Alex Galchenyuk.
16:34 of 2nd period - Shot Blocked by Jordan Eberle.
16:54 of 2nd period - Wrist shot by Evander Kane.
16:54 of 2nd period - Stopped by Petr Mrazek without a rebound.
16:55 of 2nd period - Connor McDavid wins face-off versus Anze Kopitar in Panthers zone.
17:24 of 2nd period - Wrist shot by Tyler Toffoli.
17:24 of 2nd period - Stopped by Petr Mrazek with a rebound.
17:26 of 2nd period - Snap shot by Tyler Toffoli.
17:26 of 2nd period - Stopped by Petr Mrazek without a rebound.
17:27 of 2nd period - Matt Duchene wins face-off versus Ryan Nugent-Hopkins in Panthers zone.
17:42 of 2nd period - Snap shot by Jordan Eberle.
17:42 of 2nd period - Shot Misses the Net.
18:26 of 2nd period - Snap shot by Tyler Toffoli.
18:26 of 2nd period - Deflect By Alex Galchenyuk.
18:26 of 2nd period - Stopped by Petr Mrazek with a rebound.
19:16 of 2nd period - Snap shot by Tyler Toffoli.
19:16 of 2nd period - Stopped by Petr Mrazek with a rebound.
19:18 of 2nd period - Wrist shot by Tyler Toffoli.
19:18 of 2nd period - Shot Misses the Net.
19:20 of 2nd period - Snap shot by Ryan Nugent-Hopkins.
19:20 of 2nd period - Stopped by Petr Mrazek without a rebound.
19:21 of 2nd period - Matt Duchene wins face-off versus Patrice Bergeron in Panthers zone.
19:36 of 2nd period - Wrist shot by Evander Kane.
19:36 of 2nd period - Stopped by Petr Mrazek with a rebound.
19:48 of 2nd period - Max Reinhart is hit by Conor Sheary and loses puck.
19:57 of 2nd period - Darnell Nurse is hit by Byron Bitz and loses puck.
Goals for this period are 0 for Panthers vs 0 for Oilers.
Shots for this period are 3 for Panthers vs 17 for Oilers.

3rd period


0:01 of 3rd period - Patrice Bergeron wins face-off versus Matt Duchene in neutral zone.
0:08 of 3rd period - Slapshot by Oscar Klefbom.
0:08 of 3rd period - Stopped by Jonas Hiller without a rebound.
0:09 of 3rd period - Patrice Bergeron wins face-off versus Matt Duchene in Oilers zone.
0:09 of 3rd period - Patrice Bergeron is hit by Oscar Klefbom.
0:15 of 3rd period - Slapshot by Rasmus Ristolainen.
0:15 of 3rd period - Stopped by Petr Mrazek without a rebound.
0:16 of 3rd period - Patrice Bergeron wins face-off versus Matt Duchene in Panthers zone.
0:44 of 3rd period - Minor Penalty to Jussi Jokinen for Holding.
0:45 of 3rd period - Patrice Bergeron wins face-off versus Matt Duchene in Oilers zone.
1:14 of 3rd period - Icing by Benoit Pouliot.
1:15 of 3rd period - Anze Kopitar wins face-off versus Patrice Bergeron in Panthers zone.
1:26 of 3rd period - Slapshot by Dalton Prout.
1:26 of 3rd period - Stopped by Jonas Hiller with a rebound.
1:28 of 3rd period - Snap shot by Matt Duchene.
1:28 of 3rd period - Deflect By Taylor Hall.
1:28 of 3rd period - Shot Misses the Net.
1:28 of 3rd period - Puck is out of play.
1:29 of 3rd period - Patrice Bergeron wins face-off versus Matt Duchene in Oilers zone.
1:40 of 3rd period - Snap shot by Jordan Eberle.
1:40 of 3rd period - Stopped by Jonas Hiller without a rebound.
1:41 of 3rd period - Matt Duchene wins face-off versus Patrice Bergeron in Oilers zone.
1:48 of 3rd period - Slapshot by Matt Duchene.
1:48 of 3rd period - Shot Misses the Net.
1:50 of 3rd period - Snap shot by Matt Duchene.
1:50 of 3rd period - Deflect By Jordan Eberle.
1:50 of 3rd period - Shot Blocked by Patrice Bergeron.
1:50 of 3rd period - Puck is out of play.
1:51 of 3rd period - Patrice Bergeron wins face-off versus Matt Duchene in Oilers zone.
2:00 of 3rd period - Alex Galchenyuk is hit by Matt Duchene.
2:20 of 3rd period - Slapshot by Matt Duchene.
2:20 of 3rd period - Deflect By Taylor Hall.
2:20 of 3rd period - Goal by Taylor Hall - Panthers : 2 - Oilers : 2.
2:21 of 3rd period - Matt Duchene wins face-off versus Patrice Bergeron in neutral zone.
2:33 of 3rd period - Wrist shot by Matt Duchene.
2:33 of 3rd period - Goal by Matt Duchene - Panthers : 3 - Oilers : 2.
2:34 of 3rd period - Matt Duchene wins face-off versus Patrice Bergeron in neutral zone.
3:01 of 3rd period - Wrist shot by Jeremy Morin.
3:01 of 3rd period - Stopped by Jonas Hiller with a rebound.
3:25 of 3rd period - Rasmus Ristolainen is hit by Anze Kopitar and loses puck.
3:46 of 3rd period - Snap shot by Leon Draisaitl.
3:46 of 3rd period - Stopped by Petr Mrazek without a rebound.
3:47 of 3rd period - Alex Galchenyuk wins face-off versus Matt Duchene in Panthers zone.
3:52 of 3rd period - Wrist shot by Alex Galchenyuk.
3:52 of 3rd period - Shot Misses the Net.
3:54 of 3rd period - Wrist shot by Ryan Nugent-Hopkins.
3:54 of 3rd period - Deflect By Tyler Toffoli.
3:54 of 3rd period - Shot Blocked by Erik Gudbranson.
3:54 of 3rd period - Puck is out of play.
3:55 of 3rd period - Conor Sheary wins face-off versus Matt Duchene in Panthers zone.
3:56 of 3rd period - Slapshot by Connor McDavid.
3:56 of 3rd period - Shot Blocked by Taylor Hall.
4:22 of 3rd period - Patrice Bergeron is hit by Nick Bjugstad and loses puck.
4:34 of 3rd period - Minor Penalty to Adam Larsson for Interference.
4:35 of 3rd period - Ryan Nugent-Hopkins wins face-off versus Anze Kopitar in Panthers zone.
4:35 of 3rd period - Snap shot by Alex Galchenyuk.
4:35 of 3rd period - Stopped by Petr Mrazek without a rebound.
4:36 of 3rd period - Anze Kopitar wins face-off versus Ryan Nugent-Hopkins in Panthers zone.
6:34 of 3rd period - Penalty to Adam Larsson is over, Adam Larsson is back on ice.
6:51 of 3rd period - Snap shot by Kasperi Kapanen.
6:51 of 3rd period - Stopped by Jonas Hiller without a rebound.
6:52 of 3rd period - Max Reinhart wins face-off versus Maxim Lapierre in Oilers zone.
7:18 of 3rd period - Erik Gudbranson is hit by Jussi Jokinen and loses puck.
7:35 of 3rd period - Taylor Hall is hit by Connor McDavid and loses puck.
7:58 of 3rd period - Snap shot by Alex Galchenyuk.
7:58 of 3rd period - Stopped by Petr Mrazek with a rebound.
8:04 of 3rd period - Alex Galchenyuk is hit by Dalton Prout and loses puck.
8:17 of 3rd period - Dany Heatley is hit by Ted Purcell and loses puck.
8:32 of 3rd period - Minor Penalty to Daultan Leveillé for Hooking.
8:33 of 3rd period - Anze Kopitar wins face-off versus Ryan Nugent-Hopkins in Panthers zone.
8:42 of 3rd period - Snap shot by Anze Kopitar.
8:42 of 3rd period - Stopped by Jonas Hiller with a rebound.
9:33 of 3rd period - Adam Larsson is hit by Tyler Toffoli and loses puck.
10:16 of 3rd period - Andy Rogers is hit by Dalton Prout and loses puck.
10:32 of 3rd period - Penalty to Daultan Leveillé is over, Daultan Leveillé is back on ice.
10:39 of 3rd period - Slapshot by Maxim Lapierre.
10:39 of 3rd period - Stopped by Petr Mrazek with a rebound.
10:41 of 3rd period - Snap shot by Ted Purcell.
10:41 of 3rd period - Shot Blocked by Dalton Prout.
10:51 of 3rd period - Dalton Prout is hit by Darnell Nurse and loses puck.
12:22 of 3rd period - Evander Kane is hit by Dalton Prout and loses puck.
12:43 of 3rd period - Minor Penalty to Matt Duchene for Cross-checking.
12:44 of 3rd period - Connor McDavid wins face-off versus Anze Kopitar in Panthers zone.
12:57 of 3rd period - Josh Gorges is hit by Leon Draisaitl and loses puck.
13:17 of 3rd period - Off-side.
13:18 of 3rd period - Ryan Nugent-Hopkins wins face-off versus Max Reinhart in neutral zone.
13:21 of 3rd period - Taylor Hall is hit by Ryan Nugent-Hopkins and loses puck.
13:44 of 3rd period - Erik Gudbranson is hit by Connor McDavid and loses puck.
14:13 of 3rd period - Tyler Toffoli is hit by Taylor Hall.
14:43 of 3rd period - Penalty to Matt Duchene is over, Matt Duchene is back on ice.
14:54 of 3rd period - Snap shot by Dalton Prout.
14:54 of 3rd period - Stopped by Jonas Hiller with a rebound.
14:56 of 3rd period - Wrist shot by Daultan Leveillé.
14:56 of 3rd period - Shot Misses the Net.
14:58 of 3rd period - Wrist shot by Daultan Leveillé.
14:58 of 3rd period - Stopped by Jonas Hiller with a rebound.
15:00 of 3rd period - Snap shot by Dany Heatley.
15:00 of 3rd period - Stopped by Jonas Hiller without a rebound.
15:01 of 3rd period - Matt Duchene wins face-off versus Maxim Lapierre in Oilers zone.
16:10 of 3rd period - Slapshot by Adam Larsson.
16:10 of 3rd period - Deflect By Rasmus Ristolainen.
16:10 of 3rd period - Goal by Adam Larsson - Panthers : 4 - Oilers : 2.
16:11 of 3rd period - Connor McDavid wins face-off versus Matt Duchene in neutral zone.
16:16 of 3rd period - Slapshot by Connor McDavid.
16:16 of 3rd period - Stopped by Petr Mrazek with a rebound.
16:55 of 3rd period - Benoit Pouliot is hit by Patrice Bergeron and loses puck.
17:06 of 3rd period - Alex Galchenyuk is hit by Adam Larsson and loses puck.
17:31 of 3rd period - Darnell Nurse is hit by Max Reinhart and loses puck.
18:03 of 3rd period - Double Minor Penalty to Anze Kopitar for High sticking.
18:04 of 3rd period - Dany Heatley wins face-off versus Ryan Nugent-Hopkins in Panthers zone.
18:21 of 3rd period - Wrist shot by Evander Kane.
18:21 of 3rd period - Stopped by Petr Mrazek without a rebound.
18:22 of 3rd period - Dany Heatley wins face-off versus Connor McDavid in Panthers zone.
Goals for this period are 3 for Panthers vs 0 for Oilers.
Shots for this period are 12 for Panthers vs 7 for Oilers.